 Dungeon Crawl Stone Soup version 0.19.4-8-ga85b6b9 (webtiles) character file.

721 empire the Shield-Bearer (level 7, -8/63 HPs)
             Began as a Minotaur Fighter on Feb 10, 2017.
             Mangled by Menkaure (12 damage)
             ... on level 4 of the Dungeon.
             The game lasted 00:06:31 (3360 turns).

empire the Shield-Bearer (Minotaur Fighter)         Turns: 3360, Time: 00:06:33

Health: -8/63      AC:  8    Str: 21 (23) XL:     7   Next: 43%
Magic:  6/6        EV:  8    Int:  4 (5)  God:
Gold:   120        SH: 11    Dex:  7 (9)  Spells: 0 memorised, 6 levels left

rFire  . . .     SeeInvis .     a - +0 long sword
rCold  . . .     Gourm    +     b - +0 scale mail
rNeg   . . .     Faith    .     c - +1 shield
rPois  .         Spirit   .     (helmet restricted)
rElec  .         Reflect  .     (no cloak)
rCorr  .         Harm     .     (no gloves)
MR     .....                    n - +0 pair of boots
Stlth  ..........               e - amulet of the gourmand
                                (no ring)
                                (no ring)

@: lethally poisoned (-8 -> -32)
A: retaliatory headbutt, horns 2
a: no special abilities


You were on level 4 of the Dungeon.
You were not hungry.

You visited 1 branch of the dungeon, and saw 4 of its levels.

You collected 120 gold pieces.

Inventory:

Hand Weapons
 a - a +0 long sword (weapon)
 j - a +2 flail of protection
Armour
 b - a +0 scale mail (worn)
 c - a +1 shield (worn)
 n - a +0 pair of boots (worn)
 o - a +0 plate armour
Jewellery
 e - an amulet of the gourmand (around neck)
Scrolls
 g - a scroll of remove curse
 k - a scroll of identify
 l - a scroll of noise
Potions
 d - a potion of might
 i - a potion of brilliance
 r - a potion of magic
Comestibles
 f - 2 bread rations
 h - 4 chunks of flesh
 m - 3 meat rations


   Skills:
 + Level 6.0 Fighting
 + Level 5.2 Long Blades
 + Level 6.0 Armour
 + Level 6.3 Shields


You had 6 spell levels left.
You didn't know any spells.

Dungeon Overview and Level Annotations

Branches:
Dungeon (4/15)
 Temple: D:4-7

Altars:
Elyvilon
Gozag
Ru
Yredelemnul
The Shining One

Annotations:
D:4 Menkaure


Innate Abilities, Weirdness & Mutations

You reflexively headbutt those who attack you in melee.
You have a pair of horns on your head.


Message History

You are more poisoned.
You hit Menkaure but do no damage.
Menkaure is almost destroyed.
You feel sick. You block the adder skeleton's attack.
Menkaure calls on the powers of darkness!
Your body is wracked with pain!
* * * LOW HITPOINT WARNING * * *
The orc convulses!
The orc hits you with a trident of venom.
* * * LOW HITPOINT WARNING * * *
You are more poisoned.
The adder skeleton barely misses you.
Okay, then.
You hit Menkaure.
Menkaure is almost destroyed.
You hear the brisk rusting of a very distant drain.
* * * LOW HITPOINT WARNING * * *
You feel very sick. Menkaure hits you!
You die...

.# # ####.#
#.####....## ### #.
#.......... ..# ...
#..#.#.#..# #.. ##.#.
#.........# #.# .....
#..#.#M#Z# #.#.#.#.#
#.....@.#######.#......
#.#.#o#...........#.#.#
#........######.#......
###.###..# #.#.#.#.# #.
....# #.#...... #
###..# #.#..#### #..#
##.##.#### #..#
#..)...... ...#
#...##..###


You could see Menkaure, an orc and an adder skeleton.

Vanquished Creatures
  Sigmund (D:2)
  The ghost of hittemvvvhard the Sneak, an amateur NaFi (D:3)
  An ogre (D:4)
  A scorpion (D:4)
  An orc priest (D:3)
  An iguana (D:4)
  2 worker ants (D:4)
  Robin (D:3)
  4 gnolls (D:2)
  2 adders (D:3)
  4 worms (D:2)
  6 dart slugs
  2 leopard geckos
  7 orcs
  3 giant cockroaches
  15 goblins
  10 hobgoblins
  4 jackals (D:2)
  2 quokkas
  8 bats
  5 frilled lizards
  9 kobolds
  9 rats
99 creatures vanquished.

Vanquished Creatures (others)
  A quokka (D:3)
1 creature vanquished.

Grand Total: 100 creatures vanquished

Notes
Turn   | Place    | Note
-------+----------+-------------------------------------------
     0 | D:1      | empire the Minotaur Fighter began the quest for the Orb.
     0 | D:1      | Reached XP level 1. HP: 19/19 MP: 0/0
   186 | D:1      | Reached XP level 2. HP: 26/27 MP: 1/1
   490 | D:1      | Reached XP level 3. HP: 32/33 MP: 2/2
  1106 | D:2      | Found a sacrificial altar of Ru.
  1196 | D:2      | Reached XP level 4. HP: 35/40 MP: 3/3
  1437 | D:2      | Noticed Sigmund
  1446 | D:2      | Killed Sigmund
  1446 | D:2      | Reached skill level 5 in Shields
  1446 | D:2      | Reached XP level 5. HP: 34/47 MP: 4/4
  1575 | D:2      | Found an opulent altar of Gozag.
  1798 | D:2      | Found a glowing golden altar of the Shining One.
  1965 | D:3      | Reached XP level 6. HP: 54/55 MP: 5/5
  1992 | D:3      | Noticed Robin
  2004 | D:3      | Killed Robin
  2004 | D:3      | Reached skill level 5 in Armour
  2030 | D:3      | Reached skill level 5 in Fighting
  2249 | D:3      | Noticed hittemvvvhard's ghost (amateur NaFi)
  2268 | D:3      | Killed hittemvvvhard's ghost
  2465 | D:3      | Found a white marble altar of Elyvilon.
  2601 | D:3      | Found a faded altar of an unknown god.
  2881 | D:3      | Found a basalt altar of Yredelemnul.
  2919 | D:3      | Reached XP level 7. HP: 61/61 MP: 6/6
  3192 | D:4      | Reached skill level 5 in Long Blades
  3352 | D:4      | Noticed Menkaure
  3360 | D:4      | Mangled by Menkaure

Skill      XL: |  1  2  3  4  5  6  7 |
---------------+----------------------+-----
Shields        | 4 5 6 |  6.3
Long Blades    | 3 4 5 |  5.2
Fighting       | 4 5 6 |  6.0
Armour         | 4 5 6 |  6.0

Action                   |  1- 3 |  4- 6 |  7- 9 || total
-------------------------+-------+-------+-------++-------
Melee: Long sword        |   106 |   151 |    46 ||   303
       Headbutt          |     9 |    18 |     8 ||    35
  Use: Potion            |       |     6 |       ||     6
       Scroll            |       |       |     8 ||     8
  Eat: Chunk             |     1 |     6 |     1 ||     8
Armor: Scale mail        |    66 |    53 |    10 ||   129
       Skin              |       |     4 |       ||     4
Dodge: Dodged            |    38 |    51 |    10 ||    99
Block: Shield            |    66 |    89 |    28 ||   183
       Rpst.: Long sword |    13 |     9 |     4 ||    26
